 Dungeon Crawl Stone Soup version 0.29-a0-1023-g6ae1a4a2c7 (webtiles) character file.

Game seed: 3245525237961936955

357 RBrandon the Ducker (level 6, 0/46 (49) HPs)
             Began as a Merfolk Wanderer on Aug 12, 2022.
             Was a Believer of Sif Muna.
             Slain by a wight
             ... wielding a +3 great sword
              (7 damage)
             ... on level 4 of the Dungeon.
             The game lasted 00:05:33 (4357 turns).

RBrandon the Ducker (Merfolk Wanderer)              Turns: 4357, Time: 00:05:34

HP:   0/46 (49)     AC:  6    Str: 15    XL:     6   Next: 64%
MP:   6/6           EV: 13    Int:  7    God:    Sif Muna [**....]
Gold: 214           SH:  0    Dex: 17    Spells: 5/5 levels left

rFire   . . .      SeeInvis .   u - +1 great sword
rCold   . . .      Faith    .   (shield currently unavailable)
rNeg    . . .      Spirit   .   e - +0 ring mail
rPois   .          Reflect  .   l - +0 helmet
rElec   .          Harm     .   (no cloak)
rCorr   .          Rampage  .   (no gloves)
Will    .....                   (no boots)
Stlth   +.........              (no amulet)
HPRegen 0.15/turn               (no ring)
MPRegen 0.10/turn               (no ring)

@: drained
A: (nimble swimmer 2), mertail
a: Renounce Religion, Channel Magic


You were on level 4 of the Dungeon.
You worshipped Sif Muna.
Sif Muna was pleased with you.
You visited 1 branch of the dungeon, and saw 4 of its levels.

You collected 214 gold pieces.

Inventory:

Hand Weapons
 a - a +2 quarterstaff
 b - a +0 mace
 u - a +1 great sword (weapon)
Missiles
 f - 8 poisoned darts (quivered)
Armour
 c - a +0 scale mail
 e - a +0 ring mail (worn)
 l - a +0 helmet (worn)
 q - a +0 ring mail of poison resistance
   (You found it on level 3 of the Dungeon)
Wands
 r - a wand of charming (7)
Scrolls
 d - 2 scrolls of summoning
Potions
 h - 2 potions of curing
 i - a potion of lignification
 j - a potion of heal wounds
 p - a potion of degeneration {unknown}
 t - 2 potions of haste {unknown}


   Skills:
 - Level 4.7 Fighting
 + Level 2.4 Long Blades
 - Level 1.0(1.8) Maces & Flails
 - Level 2.4(2.5) Staves
 - Level 1.0 Throwing
 - Level 1.3 Armour
 - Level 5.7 Dodging
 - Level 1.1 Stealth


You had 5 spell levels left.
You didn't know any spells.
Your spell library contained the following spells:

 Spells                   Type           Power      Damage    Failure   Level
 Magic Dart               Conj           0%         1d3       65%         1
 Necrotise                Necr           0%         1d4       65%         1
 Call Imp                 Summ           0%         N/A       80%         2
 Mephitic Cloud           Conj/Pois/Air  0%         N/A       95%         3
 Vampiric Draining        Necr           0%         2d6       95%         3
 Animate Armour           Summ/Erth      0%         N/A       100%        4
 Agony                    Necr           0%         N/A       100%        5
 Blade Hands              Tmut           0%         N/A       100%        5
 Iron Shot                Conj/Erth      0%         9d1       100%        6


Dungeon Overview and Level Annotations

Branches:
Dungeon (4/15)
 Temple: D:4-7

Altars:
Elyvilon
Sif Muna

Shops:
D:4 *


Innate Abilities, Weirdness & Mutations

((You are very nimble when in or above water. (Stealth+, EV+, Speed+++)))
Your lower body shifts to a powerful aquatic tail in water.


Message History

You add the spells Magic Dart, Call Imp and Mephitic Cloud to your library.
You miss the adder. The adder bites you but does no damage.
The adder barely misses you.
You slice the adder!!
You kill the adder!
Sif Muna accepts your kill. The quokka misses you.
The quokka bites you but does no damage.
The quokka misses you.
You hit the quokka.
The quokka is severely wounded.
The quokka bites you. The quokka closely misses you.
You slash the quokka!
You kill the quokka!
Sif Muna accepts your kill.
You see here a quokka corpse.
Found a stone staircase leading down.
A wight comes into view. It is wielding a +2 dagger of speed.
You start waiting.
Done waiting.
Found a robe.
You see here a potion of curing.
A wight is nearby!
A wight is nearby!
A wight comes into view. It is wielding a +0 falchion.
You slash the wight!
The wight is heavily damaged.
The wight hits you with a +3 great sword.
The wight hits you with a +3 great sword!
You closely miss the wight.
The wight is heavily damaged.
The wight barely misses you.
You hit the wight but do no damage.
The wight is heavily damaged.
The wight hits you with a +3 great sword!!
* * * LOW HITPOINT WARNING * * *
You feel drained.
* * * LOW HITPOINT WARNING * * *
The wight hits you with a +3 great sword!
You die...

#### ##### ## .#.#
#.#.####.####
.#.#########.#.#........
.#...........#.#@#..#
...............#z#..#
.#.#########.#.#z#..#####
.#.............†z†.......
.#####.#####.#.#.#..#####
.............z......#
.#######..#....#....#
...............#....#
.........[..>.......##


You could see 3 wights.

Vanquished Creatures
  A wight (D:4)
  A hound (D:3)
  An iguana (D:4)
  3 orc wizards (D:3)
  7 adders
  An ufetubus (D:4)
  A worm (D:4)
  2 dart slugs
  4 orcs (D:3)
  4 ball pythons
  7 bats
  13 endoplasms
  3 giant cockroaches
  10 goblins
  6 hobgoblins
  11 jackals
  11 kobolds
  8 quokkas
  2 frilled lizards (D:1)
  3 rats
99 creatures vanquished.

Vanquished Creatures (others)
  A quokka (D:3)
  2 plants (D:2)
3 creatures vanquished.

Grand Total: 102 creatures vanquished

Notes
Turn   | Place    | Note
-------+----------+-------------------------------------------
     0 | D:1      | RBrandon the Merfolk Wanderer began the quest for the Orb.
     0 | D:1      | RBrandon set off with the following items: a +2
                  | quarterstaff, a +0 mace, a +0 scale mail, a scroll of
                  | summoning.
     0 | D:1      | Reached XP level 1. HP: 15/15 MP: 1/1
    29 | D:1      | Reached skill level 2 in Dodging
    63 | D:1      | Reached XP level 2. HP: 20/22 MP: 2/2
   284 | D:1      | Reached XP level 3. HP: 27/27 MP: 3/3
   431 | D:1      | Reached skill level 3 in Dodging
   632 | D:1      | Found a faded altar of an unknown god.
   641 | D:1      | Prayed at the altar of an unknown god.
   641 | D:1      | Became a worshipper of Sif Muna the Loreminder
   641 | D:1      | Reached * piety under Sif Muna
  1166 | D:2      | Reached XP level 4. HP: 34/34 MP: 4/4
  1987 | D:3      | Reached skill level 4 in Dodging
  2001 | D:3      | Reached XP level 5. HP: 14/41 MP: 5/5
  2074 | D:3      | Found a white marble altar of Elyvilon.
  2261 | D:3      | Reached ** piety under Sif Muna
  2648 | D:3      | Reached skill level 5 in Dodging
  3272 | D:3      | Reached XP level 6. HP: 49/49 MP: 6/6
  3527 | D:4      | Found Xoiczod's Assorted Antiques.
  4357 | D:4      | Slain by a wight

Illustrated notes

Levels and vault maps discovered:
D:1:      spicycebolla_green_bress_n_ham, layout_basic,
          dreamdust_ecumenical_altar_hidden_monk_grotto, roderic_lattice_a
D:2:      layout_basic, serial_forest, infiniplex_forest_straight_2,
          infiniplex_forest_clump_medium, infiniplex_forest_end_1,
          infiniplex_forest_side_room, infiniplex_forest_end_2,
          infiniplex_forest_straight_2, grunt_ministairs_9
D:3:      layout_basic, elyvilon_altar_4, st_stairs_14, grunt_decor_resistance,
          kennysheep_generic_room_3
D:4:      layout_basic, trog_book, gammafunk_temple_overflow_statue,
          serial_shops, shop

Skill      XL: |  1  2  3  4  5  6 |
---------------+-------------------+-----
Dodging        | 2 3 4 5 |  5.7
Fighting       | 2 3 4 |  4.7
Long Blades    | 2 |  2.4
Maces & Flails | |  1.0
Staves         | |  2.4
Throwing       | |  1.0
Armour         | |  1.3
Stealth        | |  1.1

Action                   |  1- 3 |  4- 6 || total
-------------------------+-------+-------++-------
Melee: Quarterstaff      |    71 |   175 ||   246
       Great sword       |       |    36 ||    36
  Use: Scroll            |       |    10 ||    10
 Stab: Sleeping          |     2 |       ||     2
       Distracted        |       |     1 ||     1
Armor: Scale mail        |    20 |       ||    20
       Ring mail         |     9 |    91 ||   100
Dodge: Dodged            |    39 |   190 ||   229

Table legend: (Time is in decaauts)
 A = Elapsed time spent in this place.
 B = Non-inter-level travel time spent in this place.
 C = Inter-level travel time spent in this place.
 D = Time resting spent in this place.
 E = Time spent auto-exploring this place.
 F = Levels seen in this place.
 G = Mean time per level.
                   A        B        C        D        E       F      G
               +--------+--------+--------+--------+--------+-----+--------+
         Total |   4422 |   4365 |     57 |    989 |   2465 |   4 | 1105.5 |
       Dungeon |   4422 |   4365 |     57 |    989 |   2465 |   4 | 1105.5 |
               +--------+--------+--------+--------+--------+-----+--------+

Top non-repeatable levels by time:
     D:2: 1477 daAuts
     D:3: 1031 daAuts
     D:1: 990 daAuts
     D:4: 923 daAuts

Table legend:
 A = Kills in this place as a percentage of kills in entire the game.
 B = Kills by you in this place as a percentage of kills by you in the entire game.
 C = Kills by friends in this place as a percentage of kills by friends in the entire game.
 D = Other kills in this place as a percentage of other kills in the entire game.
 E = Experience gained in this place as a percentage of experience gained in the entire game.
 F = Experience gained in this place divided by the number of levels of this place that you have seen.
                   A       B       C       D       E      F
               +-------+-------+-------+-------+-------+----------------------
         Total | 100.0 | 100.0 |   N/A |   N/A | 100.0 | 127.5
       Dungeon | 100.0 | 100.0 |   N/A |   N/A | 100.0 | 127.5
               +-------+-------+-------+-------+-------+----------------------
